Map: Blueshift LE

Players

Yocto - Winner!

  • Race: Zerg Zerg
  • Spawn Location: 1:00

EarlGrayIII

  • Race: Terran Terran
  • Spawn Location: 7:00

VOD

Have the link to the VOD?

Description

Time

  • Played on: Dec. 19, 2018, 10:53 a.m.
  • Length: 18:28
Show
View Real Time Build Order
Export as new Build Order

Yocto Zerg - Winner!

Build Orders: Hatch First 

Get SALT Encoding   

  12  0:01  Drone  
  13  0:13  Overlord  
  13  0:19  Drone  
  14  0:33  Drone x2  
  17  0:35  Drone  
  17  0:56  Hatchery  
  16  1:08  Drone x2  
  16  1:10  Extractor  
  17  1:20  Spawning Pool  
  17  1:23  Drone  
  17  1:33  Drone  
  17  1:34  Drone  
  19  1:47  Overlord  
  19  2:00  Drone  
  20  2:03  Drone  
  21  2:10  Queen  
  21  2:14  Zergling x4  
  21  2:15  Queen  
  27  2:22  Drone  
  28  2:31  Drone x2  
  28  2:33  Metabolic Boost  
  30  2:39  Drone  
  31  2:47  Queen  
  31  2:50  Queen  
  35  2:55  Overlord  
  36  3:05  Drone  
  36  3:18  Baneling Nest  
  35  3:20  Overlord x2  
  35  3:24  Zergling x4  
  35  3:25  Zergling x6  
  40  3:33  Overlord  
  40  3:34  Zergling x2  
  41  3:41  Zergling x6  
  41  3:46  Spore Crawler  
  43  3:49  Spore Crawler  
  42  4:00  Zergling x8  
  46  4:08  Lair  
  46  4:12  Baneling x4  
  46  4:20  Drone x2  
  48  4:24  Drone  
  48  4:25  Drone  
  49  4:35  Baneling x2  
  49  4:36  Baneling  
  49  4:44  Drone x4  
  49  4:45  Drone x2  
  55  4:55  Queen  
  55  4:57  Overlord  
  57  5:17  Drone x2  
  59  5:25  Hatchery  
  58  5:36  Overseer  
  58  5:41  Extractor  
  58  5:42  Extractor  
  56  5:43  Overlord  
  56  5:44  Overlord  
  52  6:03  Queen  
  51  6:14  Drone  
  51  6:15  Drone x9  
  51  6:16  Drone x7  
  51  6:17  Drone x2  
  70  6:20  Queen  
  72  6:33  Overlord  
  72  6:34  Overlord x3  
  72  6:38  Queen  
  72  6:39  Extractor, Spore Crawler  
  72  6:42  Extractor  
  66  6:56  Queen  
  64  7:14  Extractor  
  63  7:20  Queen  
  65  7:23  Drone x8  
  65  7:24  Drone x3  
  76  7:51  Spore Crawler  
  76  7:53  Spore Crawler  
  76  7:55  Queen  
  76  7:58  Queen  
  76  8:01  Spire  
  69  8:15  Drone x4  
  69  8:16  Drone x8  
  69  8:17  Drone x4  
  84  8:27  Drone x3  
  84  8:28  Drone x6  
  93  8:39  Drone x5  
  98  8:55  Spore Crawler x2  
  96  8:59  Spore Crawler  
  96  9:00  Queen  
  96  9:02  Spore Crawler  
  96  9:03  Spore Crawler  
  96  9:05  Spore Crawler  
  96  9:07  Spore Crawler  
  93  9:26  Corruptor x5  
  103  9:34  Extractor, Hatchery  
  101  9:38  Extractor  
  101  9:43  Zerg Flyer Weapons Level 1  
  101  9:45  Corruptor x3  
  100  9:50  Overlord x5  
  106  10:30  Infestation Pit  
  106  10:35  Drone x5  
  108  10:36  Drone x2  
  104  11:13  Corruptor x6  
  104  11:14  Corruptor x7  
  130  11:31  Hive  
  128  11:42  Zergling x12  
  134  11:51  Drone  
  135  12:06  Spire  
  134  12:28  Zergling x12  
  134  12:29  Zergling x22  
  151  12:39  Overlord x3  
  133  12:53  Baneling x8  
  133  12:54  Overlord x2, Baneling x4  
  133  12:55  Overlord x2  
  133  12:56  Zergling x4  
  133  12:57  Zergling x6  
  136  13:03  Evolution Chamber  
  135  13:06  Zergling x6  
  135  13:07  Zergling x2  
  139  13:19  Zergling x8  
  126  13:25  Zergling x2  
  126  13:26  Zergling x6  
  130  13:33  Zergling x4  
  130  13:34  Zergling x6  
  133  13:42  Greater Spire  
  133  13:45  Zerg Flyer Armor Level 1  
  133  13:49  Zerg Melee Weapons Level 1  
  133  13:51  Evolution Chamber  
  133  13:52  Centrifical Hooks  
  133  13:55  Zergling x12  
  137  13:56  Zergling x4  
  137  13:59  Baneling  
  137  14:00  Baneling x7  
  137  14:01  Baneling x7  
  140  14:14  Zergling x16  
  140  14:15  Zergling x6  
  151  14:21  Adrenal Glands  
  151  14:25  Zerg Ground Armor Level 1  
  151  14:37  Zergling x12  
  151  14:38  Zergling x6  
  160  14:47  Hatchery  
  160  14:48  Extractor  
  158  14:54  Zergling x6  
  158  14:55  Zergling x14  
  160  15:04  Zergling x2  
  160  15:05  Zergling x10  
  144  15:21  Overlord  
  144  15:22  Overlord x3  
  144  15:25  Brood Lord x4  
  144  15:26  Brood Lord x2  
  144  15:28  Corruptor x5  
  166  16:00  Hatchery  
  166  16:01  Zergling x20  
  166  16:02  Hatchery, Zergling x4  
  176  16:06  Baneling x8  
  176  16:07  Baneling x2  
  176  16:12  Zergling x8  
  172  16:36  Brood Lord x2  
  172  16:37  Brood Lord x2  
  172  16:38  Corruptor x3  
  186  16:52  Baneling  
  186  16:53  Baneling x7  
  179  17:01  Corruptor  
  179  17:02  Corruptor x8  
  159  17:41  Zergling x4  
  159  17:42  Zergling x16  
  159  17:43  Zergling x4  
  167  17:50  Brood Lord  
  167  17:51  Brood Lord x4  
  177  17:57  Zergling x2  
  177  17:58  Zergling x6  
Show
View Real Time Build Order
Export as new Build Order

EarlGrayIII Terran 

Build Orders:  

Get SALT Encoding   

  12  0:01  SCV  
  13  0:13  SCV  
  14  0:17  Supply Depot  
  14  0:25  SCV  
  15  0:32  Refinery  
  15  0:39  SCV  
  16  0:47  Barracks  
  16  0:51  SCV  
  17  0:58  Refinery  
  17  1:07  SCV  
  18  1:19  SCV  
  19  1:31  SCV  
  20  1:39  Supply Depot  
  20  1:47  Factory  
  20  1:51  SCV  
  21  2:03  SCV  
  22  2:15  SCV  
  22  2:19  Barracks Reactor  
  23  2:30  SCV  
  23  2:32  Supply Depot  
  23  2:33  Starport  
  23  2:35  Factory Tech Lab  
  24  2:42  SCV  
  25  2:52  Command Center  
  25  2:54  SCV  
  26  3:05  Supply Depot  
  26  3:08  Marine x2  
  28  3:16  Fusion Core  
  28  3:18  SCV  
  29  3:21  Starport Tech Lab  
  29  3:30  Siege Tank  
  29  3:33  SCV  
  33  3:36  Marine  
  33  3:39  Marine  
  35  4:09  Battlecruiser  
  41  4:24  Orbital Command  
  41  4:31  Marine x2  
  41  4:32  Supply Depot  
  43  4:50  Marine  
  43  4:51  Supply Depot  
  43  4:52  Supply Depot x2  
  44  4:53  Marine  
  44  4:58  SCV  
  44  4:59  Supply Depot  
  46  5:22  Battlecruiser  
  52  5:29  Orbital Command  
  52  5:31  SCV  
  53  6:21  SCV x2  
  55  6:25  Siege Tank  
  55  6:26  Marine x2  
  60  7:25  Marine x2  
  62  7:30  Battlecruiser  
  62  7:32  Siege Tank  
  71  7:43  Marine x2  
  73  8:01  Marine  
  74  8:37  SCV x2  
  74  8:38  Marine x2  
  78  8:49  SCV  
  78  8:50  Weapon Refit, Supply Depot, Barracks  
  79  8:56  Marine x2, SCV  
  79  8:57  Armory  
  79  9:01  SCV  
  83  9:03  Armory  
  83  9:08  SCV  
  84  9:13  Marine, SCV  
  84  9:14  Marine, Supply Depot  
  87  9:20  SCV  
  88  9:25  SCV  
  88  9:30  Barracks  
  89  9:31  Marine x2  
  89  9:32  Barracks, SCV  
  89  9:34  Barracks  
  92  9:39  Barracks  
  92  9:40  Barracks Tech Lab  
  92  9:47  Medivac  
  92  9:49  Marine x2  
  96  9:53  Refinery  
  96  9:55  Refinery  
  96  10:09  Stimpack  
  96  10:13  Terran Ship Weapons Level 1, Terran Vehicle And Ship Armor Level 1  
  96  10:17  Medivac  
  98  10:29  Barracks Reactor  
  98  10:30  Command Center, Barracks Reactor  
  98  10:40  Barracks Reactor  
  98  10:41  Barracks Reactor  
  86  11:27  Marine x6  
  86  11:28  Marine x5  
  97  11:45  Marine x7  
  97  11:46  Marine  
  105  11:53  Marine x3  
  108  12:02  Marine x2  
  108  12:03  Marine, Battlecruiser  
  117  12:10  Combat Shield  
  117  12:17  Engineering Bay  
  117  12:20  Engineering Bay  
  117  12:38  Marine x5  
  80  12:54  Marine  
  80  12:55  Marine x5  
  80  12:56  Marine  
  63  13:25  Marine x3  
  63  13:26  Marine x6  
  63  13:27  Marine x2  
  72  13:32  Planetary Fortress  
  71  13:38  Missile Turret  
  71  13:40  Missile Turret  
  71  13:41  Missile Turret x2  
  71  13:43  Marine x3  
  71  13:44  Marine x7  
  71  13:46  Missile Turret  
  71  13:48  Missile Turret  
  81  13:49  Missile Turret  
  81  13:50  SCV x2  
  81  13:51  Missile Turret  
  81  13:55  Missile Turret  
  83  14:00  Missile Turret, Sensor Tower  
  83  14:02  Missile Turret x2, SCV x2  
  85  14:06  Marine x4  
  85  14:07  Marine x7, Refinery  
  96  14:10  Battlecruiser  
  96  14:13  Refinery  
  96  14:14  SCV x2  
  96  14:15  Siege Tank  
  107  14:24  Marine x3  
  107  14:26  SCV x2  
  107  14:28  Marine x5, Starport  
  107  14:29  Marine x2  
  107  14:31  Starport  
  120  14:38  SCV x2  
  121  14:47  Siege Tank  
  121  14:50  SCV  
  123  15:06  Marine x2  
  123  15:07  Marine x7  
  83  15:08  Marine x2  
  92  15:18  Supply Depot  
  92  15:19  Supply Depot  
  92  15:20  Supply Depot  
  92  15:24  Marine x2, Siege Tank  
  92  15:27  Battlecruiser  
  103  15:38  SCV x2  
  103  15:39  SCV  
  106  15:50  SCV x2  
  106  15:56  Siege Tank  
  111  16:00  Marine  
  111  16:01  Marine x5  
  111  16:02  Marine x5  
  122  16:09  Command Center  
  122  16:18  Marine  
  61  17:32  Marine x3  
  61  17:33  Marine x4  
  45  17:37  Marine x3  
  31  17:53  Marine x4  
  31  17:54  Marine x4  
  31  17:55  Marine x2  
  35  18:01  Missile Turret  
  20  18:22  Missile Turret  
Tags
 
Matchup
TvZ
Replay Pack
Yocto
Spawn Locations
Cross Positions
Add a new tag
Caveats
  • Supply blocks, unpowered buildings, or Contaminate may cause inaccurate times.
  • Supply counts are checked every 10 seconds.